 Dungeon Crawl Stone Soup version 0.25.1-8-g42b30a86e7 (webtiles) character file.

Game seed: 1325447669001449972

114 Gabide the Skirmisher (level 5, -2/42 HPs)
             Began as a Human Abyssal Knight on Dec 5, 2020.
             Was a Believer of Lugonu.
             Splashed by a jelly's acid (9 damage)
             ... on level 2 of the Dungeon.
             The game lasted 00:06:38 (2732 turns).

Gabide the Skirmisher (Human Abyssal Knight)        Turns: 2732, Time: 00:06:39

Health: -2/42      AC: -17   Str: 13    XL:     5   Next: 18%
Magic:  6/6        EV: 10    Int: 13    God:    Lugonu [**....]
Gold:   93         SH:  3    Dex: 12    Spells: 4/4 levels left

rFire    . . .     SeeInvis .   m - +0 war axe
rCold    . . .     Gourm    .   j - +0 buckler
rNeg     . . .     Faith    .   f - +0 ring mail
rPois    .         Spirit   .   (no helmet)
rElec    .         Reflect  .   i - +0 cloak
rCorr    .         Harm     .   (no gloves)
MR       .....                  (no boots)
Stlth    +.........             (no amulet)
HPRegen  0.14/turn              (no ring)
MPRegen  0.10/turn              (no ring)

@: corroded
A: no striking features
a: Depart the Abyss, Bend Space, Renounce Religion


You were on level 2 of the Dungeon.
You worshipped Lugonu.
Lugonu was pleased with you.
You were not hungry.

You visited 1 branch of the dungeon, and saw 2 of its levels.
You visited the Abyss 1 time.

You collected 93 gold pieces.

Inventory:

Hand Weapons
 a - a +1 spear
 m - a +0 war axe (weapon)
Missiles
 n - 2 boomerangs (quivered)
Armour
 f - a +0 ring mail (worn)
 i - a +0 cloak (worn)
 j - a +0 buckler (worn)
Scrolls
 e - 2 scrolls of remove curse
Potions
 b - 2 potions of flight
 g - a potion of stabbing {unknown}
 h - a potion of might {unknown}
 k - a potion of invisibility {unknown}
 l - a potion of heal wounds {unknown}
Comestibles
 c - 11 rations


   Skills:
 + Level 3.7 Fighting
 - Level 3.1 Polearms
 + Level 2.9 Armour
 + Level 1.2 Dodging
 * Level 0.6 Shields
 * Level 2.6 Invocations


You had 4 spell levels left.
You didn't know any spells.
Your spell library was empty.

Dungeon Overview and Level Annotations

Branches:
Dungeon (2/15)

Altars:


Message History

You feel better. You block the jelly's attack.
You see here a stone.
You see here a stone.
There is an open door here.
Throwing (i - inventory)
n - 2 boomerangs (quivered)
Press: ? - help, Shift-Dir - straight line, f - jelly
Aim: a jelly (moderately wounded)
You throw a boomerang.
The boomerang hits the jelly but does no damage.
The jelly is moderately wounded.
The jelly hits you. The acid corrodes you!
You are splashed with acid!
* * * LOW HITPOINT WARNING * * *
Space bends around you!
You blink.
There is an open gate here.
You see here 2 stones.
You see here a stone.
The jelly hits you.
* * * LOW HITPOINT WARNING * * *
The acid corrodes you!
You are splashed with acid!
You die...

.#......#..(.....((...#.#.#..#
........#.(.##..(##.#.#.#....#
......#+#...##...[..#(#.#.#.##
## ............##......#)#.#.###
#. ...................('.#.#.#
#. .((.......##........###...#
#. ###...(...##.(...##########
#. #...(#...............# #.
#...(#.....###@......#########รท
#....#..((..JJ.......#.........
#.(..................#.####....
######.................#.# #.###
....##.^....####.......#.# #....
....##).....# #########.# #####
....####.(### #.####### ....#
#..(..# #.......# ##### ##'J'##
#######.#


You could see 2 jellies.

Vanquished Creatures
  An adder (D:2)
  3 oozes
  5 worms (D:2)
  6 dart slugs
  A leopard gecko (D:1)
  2 giant cockroaches (D:1)
  8 goblins
  9 hobgoblins
  8 jackals (D:1)
  11 kobolds
  2 bats
  6 rats
62 creatures vanquished.

Vanquished Creatures (others)
  3 fungi (D:2)
  9 toadstools (D:2)
12 creatures vanquished.

Grand Total: 74 creatures vanquished

Notes
Turn   | Place    | Note
-------+----------+-------------------------------------------
     0 | Abyss:1  | Gabide the Human Abyssal Knight began the quest for the
                  | Orb.
     0 | Abyss:1  | Reached XP level 1. HP: 18/18 MP: 2/2
    43 | Abyss:1  | Noticed a dire elephant zombie
    44 | D:1      | Escaped the Abyss
   156 | D:1      | Reached * piety under Lugonu
   156 | D:1      | Reached XP level 2. HP: 23/24 MP: 3/3
   208 | D:1      | Reached XP level 3. HP: 14/29 MP: 4/4
   876 | D:1      | Reached ** piety under Lugonu
   876 | D:1      | Reached XP level 4. HP: 35/36 MP: 5/5
  2435 | D:2      | Reached XP level 5. HP: 28/42 MP: 6/6
  2732 | D:2      | Splashed by a jelly's acid

Illustrated notes

Levels and vault maps discovered:
D:1:      minmay_arrival_five_plusses, layout_loops_ring
D:2:      cheibrodos_fertilizer, layout_basic, first_ration, corexii_shack,
          grunt_decor_arrowhead

Skill      XL: |  1  2  3  4 |
---------------+-------------+-----
Polearms       | 3 |  3.1
Fighting       | |  3.7
Armour         | |  2.9
Dodging        | |  1.2
Shields        | |  0.6
Invocations    | |  2.6

Action                   |  1- 3 |  4- 6 || total
-------------------------+-------+-------++-------
Melee: Spear             |   134 |   144 ||   278
       War axe           |       |     9 ||     9
Throw: Boomerang         |       |     1 ||     1
Invok: Depart the Abyss  |     1 |       ||     1
       Bend Space        |       |     2 ||     2
  Use: Scroll            |     1 |     6 ||     7
       Potion            |       |     2 ||     2
  Eat: Chunk             |       |     6 ||     6
Armor: Ring mail         |    39 |    58 ||    97
Dodge: Dodged            |    53 |    83 ||   136
Block: Buckler           |       |    20 ||    20
